 Dungeon Crawl Stone Soup version 0.17.0-28-g6e173f8 (webtiles) character file.

102 gorblad the Ducker (level 4, -3/35 HPs)
             Began as a Demonspawn Fighter on Dec 4, 2015.
             Slain by a gnoll
             ... wielding a +0 whip
              (7 damage)
             ... on level 3 of the Dungeon.
             The game lasted 00:03:42 (1644 turns).

gorblad the Ducker (Demonspawn Fighter)             Turns: 1644, Time: 00:03:43

Health: -3/35      AC:  6    Str: 18    XL:     4   Next: 50%
Magic:  4/4        EV: 10    Int:  9    God:
Gold:   121        SH:  9    Dex: 12    Spells: 0 memorised, 3 levels left

rFire  . . .     SeeInvis .     a - +1 long sword
rCold  . . .     Clarity  .     b - +0 scale mail
rNeg   . . .     SustAt   .     c - +1 shield
rPois  .         Gourm    .     (no helmet)
rElec  .         Spirit   .     (no cloak)
rCorr  .         Warding  .     (no gloves)
rMut   .         Stasis   .     (no boots)
MR     .....                    (no amulet)
Stlth  ..........               (no ring)
                                (no ring)

@: not resistant to hostile enchantments, extremely unstealthy
A: talons 1, repulsion field 1, rot immunity
a: no special abilities


You were on level 3 of the Dungeon.
You were not hungry.

You visited 1 branch of the dungeon, and saw 3 of its levels.

You collected 121 gold pieces.

Inventory:

Hand Weapons
 a - a +1 long sword (weapon)
Armour
 b - a +0 scale mail (worn)
 c - a +1 shield (worn)
Jewellery
 m - a +6 ring of intelligence {unknown}
Scrolls
 h - 2 scrolls of identify
 p - a scroll of enchant weapon
Potions
 d - 2 potions of might
 f - 2 potions of resistance
 k - a potion of poison {unknown}
 n - a potion of flight {unknown}
 q - a potion of cancellation {unknown}
Comestibles
 e - a bread ration
 g - a beef jerky
 l - 4 chunks of flesh


   Skills:
 - Level 3.0 Fighting
 - Level 1.7 Long Blades
 - Level 2.6 Armour
 + Level 3.8 Dodging
 - Level 2.6 Shields


You had 3 spell levels left.
You didn't know any spells.

Dungeon Overview and Level Annotations

Branches:
Dungeon (3/15)

Altars:


Innate Abilities, Weirdness & Mutations

You have sharp toenails.
You are surrounded by a mild repulsion field (EV +2).
You are immune to rotting.


Message History

You are too injured to fight recklessly!
You are too injured to fight recklessly!
You are too injured to fight recklessly!
You are too injured to fight recklessly!
You are too injured to fight recklessly!
You are too injured to fight recklessly!
You are too injured to fight recklessly!
You are too injured to fight recklessly!
You are too injured to fight recklessly!
You are too injured to fight recklessly!
You are too injured to fight recklessly!
You hit the gnoll but do no damage. You claw the gnoll, but do no damage.
You block the rat's attack. The gnoll barely misses you.
The gnoll hits you but does no damage. You block the rat's attack.
You barely miss the gnoll. You claw the gnoll, but do no damage.
The gnoll hits you but does no damage. The gnoll closely misses you.
You block the rat's attack.
You hit the gnoll but do no damage. You claw the gnoll, but do no damage.
The gnoll hits you with a whip!
You die...

*,****#.*#......# *,,,
***,*####.##......# *,,,
*,,,,>............# *,.,
*,*,,,*#..........* *.,,
*,,,,.r#......#.########.,,
***,,.....[...(.........,,,
*,,,,#......#.######.#,,,
*,,**#####.(#.....##.####
*,,,,,#.@r..##..........#
*,,,#..gg...##..........#
*............#..........#
***..........#.#..........#
*,,..#.#....$#.#.#...))####
*,,.,#.#.........#.###.####
*,,,,#,#.....##.##.........
*,,,,,,#.....##,,#####.####
*,,,,***,,,,,***,* #.....


You could see 2 gnolls and a rat.

Vanquished Creatures
  A hound skeleton (D:3)
  5 adders (D:2)
  A gnoll (D:3)
  An ooze (D:2)
  An orc (D:3)
  3 bats
  2 giant cockroaches
  2 goblins (D:2)
  3 hobgoblins
  8 kobolds
  A giant gecko (D:2)
  A giant newt (D:2)
  6 rats
  A fungus (D:2)
36 creatures vanquished.

Notes
Turn   | Place    | Note
--------------------------------------------------------------
     0 | D:1      | gorblad the Demonspawn Fighter began the quest for the Orb.
     0 | D:1      | Reached XP level 1. HP: 18/18 MP: 1/1
   199 | D:1      | Reached skill level 1 in Dodging
   605 | D:2      | Gained mutation: You are immune to rotting. [demonic ancestry]
   605 | D:2      | Reached XP level 2. HP: 9/24 MP: 2/2
   886 | D:2      | Gained mutation: You are surrounded by a mild repulsion field (EV +2). [demonic ancestry]
   886 | D:2      | Reached XP level 3. HP: 29/29 MP: 3/3
  1363 | D:2      | Gained mutation: You have sharp toenails. [demonic ancestry]
  1363 | D:2      | Reached XP level 4. HP: 35/35 MP: 4/4
  1644 | D:3      | Slain by a gnoll

Action                   |  1- 3 |  4- 6 || total
-------------------------+-------+-------++-------
Melee: Long sword        |    98 |    45 ||   143
  Use: Scroll            |     6 |     3 ||     9
  Eat: Chunk             |     2 |     1 ||     3
